 Dungeon Crawl Stone Soup version 0.28.0-45-g0d030f2227 (webtiles) character file.

Game seed: 9365188319130757355

147 pkoi the Gusty (level 4, -2/33 HPs)
             Began as a Demigod Air Elementalist on Apr 8, 2022.
             Killed from afar by Blork the orc (9 damage)
             ... with a magic dart
             ... on level 4 of the Dungeon.
             The game lasted 00:03:13 (4008 turns).

pkoi the Gusty (Demigod Air Elementalist)           Turns: 4008, Time: 00:03:13

Health: -2/33      AC:  2    Str:  8 (9)  XL:     4   Next: 81%
Magic:  8/11       EV: 12    Int: 18 (21) God:
Gold:   96         SH:  5    Dex: 12 (14) Spells: 2/9 levels left

rFire   . . .      SeeInvis .   l - +2 dagger (drain)
rCold   . . .      Faith    .   (no shield)
rNeg    . . .      Spirit   .   a - +0 robe
rPois   .          Reflect  +   (no helmet)
rElec   .          Harm     .   (no cloak)
rCorr   .          Rampage  .   (no gloves)
Will    ++...                   (no boots)
Stlth   ++........              b - amulet of reflection
HPRegen 0.11/turn               h - ring of willpower
MPRegen 0.12/turn               j - ring of willpower

@: no status effects
A: high MP 1, forlorn, divine attributes
a: no special abilities


You were on level 4 of the Dungeon.
You visited 2 branches of the dungeon, and saw 5 of its levels.

You collected 96 gold pieces.

Inventory:

Hand Weapons
 c - a +1 dagger
 e - a +1 short sword of holy wrath
 l - a +2 dagger of draining (weapon)
Armour
 a - a +0 robe (worn)
Jewellery
 b - an amulet of reflection (around neck)
 d - a ring of see invisible
 h - a ring of willpower (left hand)
 j - a ring of willpower (right hand)
Scrolls
 f - 2 scrolls of teleportation {unknown}
 g - a scroll of fear
 k - a scroll of magic mapping
 m - a scroll of enchant armour {unknown}
Potions
 i - a potion of degeneration
 n - a potion of curing


   Skills:
 - Level 1.7 Dodging
 - Level 1.7 Stealth
 - Level 3.0 Spellcasting
 - Level 0.8 Conjurations
 + Level 4.5 Air Magic


You had 2 spell levels left.
You knew the following spells:

 Your Spells              Type           Power      Damage    Failure   Level
a - Shock                 Conj/Air       48%        1d6       5%          1
b - Static Discharge      Conj/Air       12%        N/A       9%          2
c - Airstrike             Air            9%         N/A       26%         4

Your spell library contained the following spells:

 Spells                   Type           Power      Damage    Failure   Level
 Swiftness                Air            19%        N/A       8%          3


Dungeon Overview and Level Annotations

Branches:
Dungeon (4/15)             Temple (1/1) D:4

Annotations:
D:4 Blork the orc


Innate Abilities, Weirdness & Mutations

You have an increased reservoir of magic. (+10% MP)
You shall have no god before yourself.
Your divine heritage dramatically boosts your attributes as you level up.


Message History

Blork the orc gestures at you while chanting.
The puff of flame hits you!
* * * LOW HITPOINT WARNING * * *
There is a staircase to the Ecumenical Temple here.
Blork the orc casts a spell.
Blork the orc seems to speed up.
Found 12 gold pieces.
Blork the orc screams, "Die!"
Blork the orc casts a spell at you. The puff of frost hits you.
* * * LOW HITPOINT WARNING * * *
Aiming: Shock (safe; 5% risk of failure)
Press: ? - help, Q - select action, (/) - cycle Shift-Dir - straight line The zap hits Blork the orc.
Blork the orc is lightly wounded.
The zap hits Blork the orc.
Blork the orc is moderately wounded.
Blork the orc hits you with a +0 mace.
* * * LOW HITPOINT WARNING * * *
Unknown command.
Aiming: Shock (safe; 5% risk of failure)
Press: ? - help, Q - select action, (/) - cycle Shift-Dir - straight line The zap hits Blork the orc.
Blork the orc is moderately wounded.
The zap hits Blork the orc.
Blork the orc is heavily wounded.
Blork the orc hits you with a +0 mace!
* * * LOW HITPOINT WARNING * * *
Blork the orc gestures at you while chanting.
The magic dart hits you!
* * * LOW HITPOINT WARNING * * *
Aiming: Shock (safe; 5% risk of failure)
Press: ? - help, Q - select action, (/) - cycle Shift-Dir - straight line The zap hits Blork the orc.
Blork the orc is severely wounded.
The zap hits Blork the orc.
Blork the orc is severely wounded.
Blork the orc points at you and mumbles some strange words.
The magic dart hits you!
You die...

......#
#.##.#.#..###.#
......#
#......#......K
.###...####PP.PP...#
.........P>P....#
##. .###..PP..#..#
##.PP..#..#
#.##.##..#
.####.##o##..##
.......@........
#####.##.##..### #
#... .... .........
#.##..### ... ....
$.# .## .. #


You could see Blork the orc (fast).

Vanquished Creatures
  Jessica (D:3)
  3 gnolls (D:2)
  3 adders
  A dart slug (D:3)
  7 endoplasms
  3 giant cockroaches
  11 goblins
  3 hobgoblins
  2 quokkas (D:1)
  7 ball pythons
  6 bats
  2 frilled lizards
  5 kobolds
  6 rats
60 creatures vanquished.

Vanquished Creatures (collateral kills)
  An endoplasm (D:1)
1 creature vanquished.

Vanquished Creatures (others)
  A plant (D:4)
1 creature vanquished.

Grand Total: 62 creatures vanquished

Notes
Turn   | Place    | Note
-------+----------+-------------------------------------------
     0 | D:1      | pkoi the Demigod Air Elementalist began the quest for the
                  | Orb.
     0 | D:1      | Reached XP level 1. HP: 14/14 MP: 5/5
   296 | D:1      | Reached skill level 3 in Air Magic
   543 | D:1      | Reached XP level 2. HP: 20/20 MP: 4/7
  1009 | D:2      | Learned a level 2 spell: Static Discharge
  1234 | D:2      | Reached XP level 3. HP: 26/26 MP: 1/8
  1459 | D:2      | Reached skill level 4 in Air Magic
  2051 | D:2      | Reached XP level 4. HP: 33/33 MP: 8/10
  3312 | D:3      | Noticed Jessica
  3318 | D:3      | Killed Jessica
  3565 | D:3      | Learned a level 4 spell: Airstrike
  3778 | D:4      | Found a staircase to the Ecumenical Temple.
  3788 | D:4      | Noticed Blork the orc
  3800 | Temple   | Entered the Ecumenical Temple
  4008 | D:4      | Killed from afar by Blork the orc

Illustrated notes

Levels and vault maps discovered:
D:1:      minmay_arrival_open_corners, layout_basic
D:2:      kennysheep_the_goblin_king, layout_loops_ring
D:3:      layout_basic, nicolae_dithmenos_through_a_glass_darkly, uniq_jessica
D:4:      layout_basic, minmay_temple_entry_overgrown, uniq_blork_the_orc
Temple:   kilobyte_greek_temple

Skill      XL: |  1  2  3  4 |
---------------+-------------+-----
Air Magic      | 3 4 |  4.5
Spellcasting   | 2 3 |  3.0
Dodging        | |  1.7
Stealth        | |  1.7
Conjurations   | |  0.8

Action                   |  1- 3 |  4- 6 || total
-------------------------+-------+-------++-------
Melee: Dagger            |    15 |     8 ||    23
 Cast: Shock             |    71 |    61 ||   132
  Use: Scroll            |     6 |       ||     6
       Potion            |     2 |       ||     2
Armor: Robe              |     2 |     3 ||     5
Dodge: Dodged            |     9 |     9 ||    18
Block: Other             |     5 |     6 ||    11
